 Dungeon Crawl Stone Soup version 0.24.0-123-gd5b16e6ec5 (webtiles) character file.

Game seed: 17770750120590132352, levelgen mode: deterministic

50 LordRappington the Cudgeler (level 3, 0/23 HPs)
             Began as a Gargoyle Monk on Jan 17, 2020.
             Slain by an ogre
             ... wielding a +0 giant club
              (2 damage)
             ... on level 4 of the Dungeon.
             The game lasted 00:03:31 (1478 turns).

LordRappington the Cudgeler (Gargoyle Monk)         Turns: 1478, Time: 00:03:31

Health: 0/23       AC:  8    Str: 15    XL:     3   Next: 79%
Magic:  3/3        EV:  8    Int: 10    God:
Gold:   120        SH:  7    Dex: 12    Spells: 2/2 levels left

rFire    . . .     SeeInvis .   a - +0 mace
rCold    . . .     Gourm    .   g - +0 shield
rNeg     + . .     Faith    .   i - +0 ring mail
rPois    ∞         Spirit   .   (no helmet)
rElec    +         Reflect  .   (no cloak)
rCorr    .         Harm     .   (no gloves)
MR       .....                  (no boots)
Stlth    +.........             (no amulet)
HPRegen  0.07/turn              (no ring)
MPRegen  0.08/turn              (no ring)

@: no status effects
A: negative energy resistance 1, electricity resistance, unbreathing,
petrification resistance, rot immunity, AC +3
a: no special abilities


You were on level 4 of the Dungeon.
You were not hungry.

You visited 1 branch of the dungeon, and saw 3 of its levels.

You collected 120 gold pieces.

Inventory:

Hand Weapons
 a - a +0 mace (weapon)
Armour
 g - a +0 shield (worn)
 i - a +0 ring mail (worn)
Scrolls
 e - 3 scrolls of fog {unknown}
 h - a scroll of magic mapping {unknown}
 j - a scroll of identify {unknown}
 l - a scroll of teleportation {unknown}
 n - a scroll of blinking {unknown}
Potions
 b - a potion of mutation {unknown}
 d - a potion of brilliance {unknown}
 f - a potion of berserk rage {unknown}
 k - a potion of agility {unknown}
 m - a potion of might {unknown}
Comestibles
 c - 5 rations


   Skills:
 - Level 3.2 Fighting
 * Level 4.6 Maces & Flails
 - Level 2.4 Dodging
 - Level 2.1 Stealth


You had 2 spell levels left.
You didn't know any spells.
Your spell library was empty.

Dungeon Overview and Level Annotations

Branches:
Dungeon (2/15)

Altars:

Annotations:
D:4 Eustachio


Innate Abilities, Weirdness & Mutations

You are resistant to torment.
Your stone body is resilient. (AC +3)
You are immune to poison.
You resist negative energy. (rN+)
You are resistant to electric shocks. (rElec)
You can survive without breathing.
You are immune to petrification.
You are immune to rotting.


Message History

The adder zombie closely misses you. You block the rat's attack.
The crimson imp blinks!
You block the adder zombie's attack.
Eustachio casts a spell.
The ufetubus closely misses you.
The ufetubus hits you but does no damage.
The ufetubus hits you but does no damage. x2
The ufetubus disappears in a puff of smoke!
The white imp disappears in a puff of smoke!
Eustachio gestures wildly while chanting.
Eustachio blinks!
Eustachio asks, "How can you live without manners, virtues and honour?"
Found 21 sling bullets.
Eustachio hits you with a +0 rapier.
* * * LOW HITPOINT WARNING * * *
An ogre comes into view. It is wielding a +0 giant club.
Found a stone staircase leading down.
The ogre shouts!
The ogre closely misses you. You block Eustachio's attack.
The ogre hits you with a +0 giant club.
You die...

#...?..#
#......#
#......#
#......#
#......#
#....#
#.>....#
#....#
#......#
+....#
#..@...#
#....#
#.O@...#
#....#
#..Z...#
.....#
#.....(#
.....#
#......#
.....#
#####r.....#
.r...#
#...o......#
...ob#
#..........#
..$r.#
#.r........#


You could see Eustachio, an ogre, an orc, an adder zombie and a rat.

Vanquished Creatures
  An adder (D:2)
  2 dart slugs (D:1)
  A leopard gecko (D:1)
  A ball python (D:4)
  2 giant cockroaches
  4 goblins
  3 hobgoblins (D:1)
  4 jackals (D:1)
  4 bats
  A frilled lizard (D:2)
  5 kobolds (D:1)
  7 rats
35 creatures vanquished.

Notes
Turn   | Place    | Note
-------+----------+-------------------------------------------
     0 | D:1      | LordRappington the Gargoyle Monk began the quest for the
                  | Orb.
     0 | D:1      | Reached XP level 1. HP: 14/14 MP: 1/1
    58 | D:1      | Reached XP level 2. HP: 8/19 MP: 2/2
   599 | D:1      | Reached skill level 4 in Maces & Flails
   665 | D:1      | Reached XP level 3. HP: 23/23 MP: 3/3
  1408 | D:2      | You fall into a shaft and drop 2 floors!
  1424 | D:4      | Noticed Eustachio
  1472 | D:4      | HP: 1/23 [Eustachio/+0 rapier (3)]
  1473 | D:4      | Noticed an ogre
  1478 | D:4      | Slain by an ogre

Levels and vault maps discovered:
D:1:      minmay_arrival_four_loops, layout_basic
D:2:      layout_basic, first_ration
D:4:      wander_river, layout_gridville, uniq_eustachio, uniq_blork_the_orc

Skill      XL: |  1  2 |
---------------+-------+-----
Maces & Flails | 4 |  4.6
Fighting       | |  3.2
Dodging        | |  2.4
Stealth        | |  2.1

Action                   || total
-------------------------++-------
Melee: Mace              ||   133
 Stab: Sleeping          ||     3
  Eat: Chunk             ||     2
Armor: Robe              ||    17
       Ring mail         ||    74
Dodge: Dodged            ||    92
Block: Shield            ||    54
